 Dungeon Crawl Stone Soup version 0.25-a0-544-gee0576305d (console) character file.

Game seed: 5059846103460081477, levelgen mode: deterministic

4754 Ignak the Thaumaturge (level 10, -7/79 HPs)
             Began as a Mummy Wizard on Feb 18, 2020.
             Was an Initiate of Yredelemnul.
             Killed by a stone arrow (37 damage)
             ... invoked by the wrath of Vehumet
             ... on level 9 of the Dungeon on Feb 20, 2020.
             The game lasted 00:50:09 (14492 turns).

Ignak the Thaumaturge (Mummy Wizard)               Turns: 14492, Time: 00:50:09

Health: -7/79      AC:  6    Str: 10      XL:     10   Next: 23%
Magic:  24/24      EV: 15    Int: 25      God:    Yredelemnul [......]
Gold:   407        SH:  0    Dex: 13 (16) Spells: 18/29 levels left

rFire    . . .     SeeInvis .   b - +1 dagger (venom)
rCold    + . .     Gourm    .   (no shield)
rNeg     + + +     Faith    .   y - +2 robe {rF+}
rPois    ∞         Spirit   .   u - +0 helmet
rElec    .         Reflect  .   r - +0 cloak {MR+}
rCorr    .         Harm     .   (no gloves)
MR       ++...                  (no boots)
Stlth    ++........             (no amulet)
HPRegen  0.23/turn              t - +5 ring of dexterity
MPRegen  0.19/turn              q - +4 ring of intelligence

@: no status effects
A: no food or potions, fire vulnerability, cold resistance 1, negative energy
resistance 3, torment resistance, unbreathing
a: Renounce Religion


You were on level 9 of the Dungeon.
You worshipped Yredelemnul.
Yredelemnul was noncommittal.
You were not hungry.

You visited 2 branches of the dungeon, and saw 10 of its levels.

You collected 407 gold pieces.

Inventory:

Hand Weapons
 a - a +2 whip of freezing
 b - a +1 dagger of venom (weapon)
 w - a +1 halberd
Missiles
 i - 27 poisoned darts (quivered)
Armour
 c - +0 steam dragon scales
 e - a +1 robe of magic resistance
 f - a scarf of cloud immunity
 r - a +0 cloak of magic resistance (worn)
 u - a +0 helmet (worn)
 y - a +2 robe of fire resistance (worn)
Jewellery
 k - an uncursed ring of ice
 p - an uncursed ring of flight
 q - a +4 ring of intelligence (right hand)
 t - a +5 ring of dexterity (left hand)
Wands
 g - a wand of random effects (17)
 v - a wand of acid (3)
 x - a wand of iceblast (5)
Scrolls
 d - 2 scrolls of random uselessness
 h - 2 scrolls of immolation
 j - 3 scrolls of teleportation
 l - a scroll of holy word {unknown}
 m - a scroll of remove curse {unknown}
 n - a scroll of blinking
 o - a scroll of fear
 s - 3 scrolls of fog


   Skills:
 + Level 7.2 Fighting
 + Level 6.3 Dodging
 - Level 2.0 Stealth
 + Level 10.1 Spellcasting
 - Level 5.8 Conjurations
 - Level 1.0 Summonings
 - Level 1.0 Translocations
 + Level 1.8 Invocations


You had 18 spell levels left.
You knew the following spells:

 Your Spells              Type           Power        Failure   Level  Hunger
a - Magic Dart            Conj           ####         1%          1    N/A
b - Blink                 Tloc           N/A          4%          2    N/A
d - Mephitic Cloud        Conj/Pois/Air  ###.....     6%          3    N/A
e - Call Imp              Summ           ###.....     4%          2    N/A
f - Dazzling Flash        Conj/Hex       ####..       4%          3    N/A

Your spell library contained the following spells:

 Spells                   Type           Power        Failure   Level  Hunger
 Corona                   Hex            ##.....      4%          1    N/A
 Conjure Flame            Conj/Fire      ####....     4%          3    N/A
 Ensorcelled Hibernation  Hex/Ice        ##....       8%          2    N/A
 Slow                     Hex            ##......     8%          2    N/A
 Confusing Touch          Hex            ##......     14%         3    N/A
 Tukima's Dance           Hex            ##......     14%         3    N/A

Dungeon Overview and Level Annotations

Branches:
Dungeon (9/15)             Temple (1/1) D:6
   Lair: D:8-11         Orc: D:9-12

Altars:
Ashenzari
Cheibriados
Dithmenos
Elyvilon
Fedhas
Gozag
Hepliaklqana
Kikubaaqudgha
Makhleb
Nemelex Xobeh
Okawaru
Qazlal
Ru
Sif Muna
Trog
Uskayaw
Vehumet
Wu Jian
Xom
Yredelemnul
Zin
The Shining One

Shops:
D:7 *   D:8 (

Annotations:
D:2 Robin
Abyss:1 Sigmund


Innate Abilities, Weirdness & Mutations

You do not eat or drink.
Your flesh is vulnerable to fire.
You are immune to poison.
Your flesh is cold resistant. (rC+)
You are immune to negative energy. (rN+++)
You are immune to unholy pain and torment.
You can survive without breathing.


Message History

You swap places.
There is an open door, spattered with blood here.
You see here a +0 short sword.
Your white imp disappears in a puff of smoke!
Things that are here:
a +0 short sword x2
You see here a leather armour.
There is a fountain of sparkling water here.
There is a sparkling altar of Nemelex Xobeh here.
You start resting.
Vehumet rains destruction down upon you!
The bolt of energy hits you!!
* * * LOW HITPOINT WARNING * * *
You start resting.
Magic restored.
You start resting.
Vehumet rains destruction down upon you!
The stone arrow hits you!!!
You die...
Yredelemnul claims you as an undead slave.

###..)....#
#<..##....#
#....####....+
+.#### #....##
# #.)[..#
##⌠.⌠.#
#.._..#
##.⌠.⌠###
#...@...#
#......>#
#.......#
.........#
###.........
#.......#..
#.......####
#.......#


You could see the wrath of Vehumet (unaware).

Vanquished Creatures
  Pikel (D:6)
  Psyche (D:8)
  Menkaure (D:6)
  2 orc warriors
  2 black bears
  2 ice beasts
  2 slaves (D:6)
  3 sky beasts
  A phantom (D:8)
  2 ogres
  A centaur (D:8)
  2 big kobolds
  A wyvern zombie (D:9)
  4 bullfrogs
  2 scorpions (D:8)
  4 killer bees (D:7)
  5 wights (D:8)
  A crimson imp (D:6)
  4 hounds
  A gnoll shaman (D:8)
  6 orc priests
  10 orc wizards
  Crazy Yiuf (D:3)
  A centaur skeleton (D:8)
  Jessica (D:3)
  A bullfrog skeleton (D:5)
  3 worker ants
  An iguana (D:5)
  5 gnolls (D:8)
  A howler monkey skeleton (D:4)
  6 adders
  2 shadow imps
  An ooze (D:2)
  An adder zombie (D:7)
  2 adder skeletons
  A worm (D:3)
  2 dart slugs (D:1)
  A leopard gecko (D:5)
  33 orcs
  4 bats (D:2)
  3 giant cockroaches
  7 goblins
  4 hobgoblins
  7 jackals
  9 kobolds
  3 quokkas
  A ball python (D:3)
  4 frilled lizards
  A leopard gecko zombie (D:8)
  2 rats (D:3)
166 creatures vanquished.

Vanquished Creatures (collateral kills)
  Maggie (D:6)
  A hippogriff (D:8)
  A water moccasin (D:7)
  An orc warrior (D:6)
  A hornet zombie (D:8)
  2 ogres
  A centaur (D:7)
  2 bullfrogs (D:6)
  A scorpion (D:6)
  A killer bee (D:7)
  A howler monkey (D:5)
  A hound (D:4)
  A quasit (D:8)
  Terence (D:2)
  3 orc wizards
  3 adders (D:2)
  A worm (D:2)
  3 dart slugs
  2 leopard geckos
  5 orcs
  2 giant cockroaches
  2 goblins (D:2)
  9 hobgoblins
  4 jackals (D:2)
  2 kobolds
  3 quokkas
  A bat (D:1)
  A frilled lizard (D:4)
  A quokka skeleton (D:5)
  A rat (D:1)
59 creatures vanquished.

Vanquished Creatures (others)
  Prince Ribbit (D:7)
  2 slaves (D:6)
  A quokka zombie (D:6)
4 creatures vanquished.

Grand Total: 229 creatures vanquished

Notes
Turn   | Place    | Note
-------+----------+-------------------------------------------
     0 | D:1      | Ignak the Mummy Wizard began the quest for the Orb.
     0 | D:1      | Reached XP level 1. HP: 13/13 MP: 5/5
   565 | D:1      | Reached XP level 2. HP: 2/19 MP: 0/7
   696 | D:2      | Learned a level 2 spell: Call Imp
   699 | D:2      | Learned a level 2 spell: Blink
   723 | D:2      | Noticed Terence
  2013 | D:2      | Reached XP level 3. HP: 18/24 MP: 6/9
  2053 | D:2      | Reached skill level 5 in Spellcasting
  2368 | D:2      | Noticed Robin
  2381 | D:2      | Learned a level 3 spell: Mephitic Cloud
  2563 | D:2      | Reached skill level 1 in Summonings
  2689 | D:2      | Reached skill level 1 in Conjurations
  2799 | D:2      | Reached XP level 4. HP: 29/31 MP: 6/11
  2843 | D:2      | Killed Terence
  2843 | D:2      | Reached skill level 1 in Translocations
  3261 | D:3      | Found a shadowy altar of Dithmenos.
  3263 | D:3      | Found a shattered altar of Ashenzari.
  3570 | D:3      | Found a runed translucent door.
  3571 | D:3      | Noticed Crazy Yiuf
  3702 | D:3      | Killed Crazy Yiuf
  3702 | D:3      | Reached skill level 1 in Fighting
  3786 | D:3      | Reached XP level 5. HP: 33/37 MP: 4/13
  3875 | D:3      | Found a stormy altar of Qazlal.
  3879 | D:3      | Found a blossoming altar of Fedhas.
  3899 | D:3      | Learned a level 3 spell: Dazzling Flash
  3960 | D:3      | Noticed Sigmund
  4219 | D:3      | Banished Sigmund
  4219 | D:3      | Reached skill level 6 in Spellcasting
  4296 | D:3      | Noticed Jessica
  4310 | D:3      | Killed Jessica
  4310 | D:3      | Reached XP level 6. HP: 44/44 MP: 5/15
  4324 | D:3      | Found an ornate altar of the Wu Jian Council.
  4729 | D:4      | Reached XP level 7. HP: 34/51 MP: 9/16
  5277 | D:4      | Found a burning altar of Makhleb.
  5440 | D:5      | Entered Level 5 of the Dungeon
  6837 | D:6      | Noticed Pikel
  7249 | D:6      | Killed Pikel
  7249 | D:6      | Reached skill level 7 in Spellcasting
  7249 | D:6      | Reached XP level 8. HP: 19/60 MP: 5/19
  7814 | D:6      | Found a shimmering altar of Xom.
  7814 | D:6      | Found a shimmering altar of Xom.
  7814 | D:6      | Found a shimmering altar of Xom.
  7815 | D:6      | Found a shimmering altar of Xom.
  7815 | D:6      | Found a shimmering altar of Xom.
  7822 | D:6      | Found a shimmering altar of Xom.
  7879 | D:6      | Noticed Menkaure
  8172 | D:6      | Killed Menkaure
  8425 | D:6      | Reached skill level 5 in Conjurations
  9207 | D:6      | Noticed Maggie
  9233 | D:6      | Killed Maggie
  9233 | D:6      | Reached skill level 8 in Spellcasting
  9803 | D:6      | Found a staircase to the Ecumenical Temple.
  9860 | D:6      | Reached XP level 9. HP: 62/67 MP: 10/21
  9929 | Temple   | Entered the Ecumenical Temple
  9957 | Temple   | Upgraded the game from 0.25-a0-521-gb5d5f98535 to
                  | 0.25-a0-544-gee0576305d
 10160 | Temple   | Became a worshipper of Vehumet
 10250 | D:7      | Reached skill level 5 in Fighting
 10613 | D:7      | Reached skill level 5 in Dodging
 10647 | D:7      | Found an ancient bone altar of Kikubaaqudgha.
 10652 | D:7      | Found a bloodstained altar of Trog.
 10653 | D:7      | Found a basalt altar of Yredelemnul.
 10824 | D:7      | Noticed Prince Ribbit
 10831 | D:7      | Killed Prince Ribbit
 10949 | D:7      | Found Adec's Assorted Antiques.
 11000 | D:7      | Reached skill level 9 in Spellcasting
 11024 | D:7      | Reached * piety under Vehumet
 11024 | D:7      | Offered knowledge of Sandblast by Vehumet.
 11358 | D:7      | Fell from the grace of Vehumet
 11358 | D:7      | Became a worshipper of Yredelemnul the Dark
 12432 | D:8      | Found Dueqarut's Weapon Shop.
 12766 | D:8      | Found a white marble altar of Elyvilon.
 12767 | D:8      | Found a glowing golden altar of the Shining One.
 12776 | D:8      | Found a glowing silver altar of Zin.
 12869 | D:8      | Got a crude ring mail
 12870 | D:8      | Identified the +4 ring mail of Summertime {rF- rN++ Str-5
                  | Dex+9} (You found it on level 8 of the Dungeon)
 13294 | D:8      | Reached XP level 10. HP: 54/77 MP: 20/23
 13516 | D:8      | Reached skill level 1 in Invocations
 13662 | D:8      | Reached skill level 10 in Spellcasting
 13670 | D:8      | Reached * piety under Yredelemnul
 13748 | D:8      | Found a sacrificial altar of Ru.
 13847 | D:8      | Noticed Psyche
 13868 | D:8      | Killed Psyche
 14167 | D:9      | Found a sparkling altar of Nemelex Xobeh.
 14492 | D:9      | Killed by a stone arrow

Levels and vault maps discovered:
D:1:      ncdulo_halloftheorcs, layout_loops_ring, minmay_pentomino_v4
D:2:      layout_basic, first_ration, mrwooster_statue_mirror, uniq_robin,
          uniq_terence
D:3:      layout_rooms, grunt_temple_overflow_forces_of_nature,
          nicolae_overflow_hidden_temple, uniq_crazy_yiuf_cottage, uniq_sigmund,
          uniq_jessica
D:4:      layout_cave_pools, makhleb_heckhound_becter
D:5:      layout_cave_pools
D:6:      layout_basic, temple_green, xom_redecorated, uniq_pikel, uniq_maggie,
          uniq_menkaure
D:7:      layout_loops_cross, minitemple, serial_shops, kennysheep_mini,
          grunt_ogre_cave, uniq_prince_ribbit1
D:8:      layout_loops_ring, good_gods_temple_1, lemuel_crystal_altar,
          serial_shops, nicolae_shop_waterfront, uniq_psyche
D:9:      layout_roguey [special_room_bee], nemelex_xobeh_ov_fountains_minmay,
          orc_0_dummy
Temple:   compressed_dpeg_triangle_lava_temple

Skill      XL: |  1  2  3  4  5  6  7  8  9 10 |
---------------+-------------------------------+-----
Spellcasting   | 5 6 7 8 9 10 | 10.1
Summonings     | 1 |  1.0
Conjurations   | 1 2 3 4 5 |  5.8
Stealth        | 2 |  2.0
Translocations | 1 |  1.0
Dodging        | 2 3 4 6 |  6.3
Fighting       | 1 2 4 6 7 |  7.2
Invocations    | 1 |  1.8

Action                   |  1- 3 |  4- 6 |  7- 9 | 10-12 || total
-------------------------+-------+-------+-------+-------++-------
Melee: Unarmed           |     4 |       |       |       ||     4
       Club              |    51 |    28 |       |       ||    79
       Quarterstaff      |       |    60 |   148 |       ||   208
       Mace              |       |     4 |       |       ||     4
       Whip              |       |       |   189 |     8 ||   197
       Dagger            |       |       |   126 |    93 ||   219
       Halberd           |       |       |     9 |     8 ||    17
Throw: Dart              |     1 |     6 |    28 |     2 ||    37
 Cast: Magic Dart        |    21 |       |     3 |       ||    24
       Call Imp          |    39 |    30 |    55 |     7 ||   131
       Mephitic Cloud    |     1 |     8 |    47 |     8 ||    64
       Dazzling Flash    |       |     3 |    14 |     1 ||    18
       Blink             |       |       |     4 |     1 ||     5
Evoke: Wand              |       |       |     8 |       ||     8
  Use: Scroll            |     2 |       |    10 |     1 ||    13
 Stab: Sleeping          |     1 |       |     1 |       ||     2
       Confused          |       |     3 |    12 |     2 ||    17
       Petrified         |       |       |     2 |       ||     2
       Distracted        |       |       |     3 |       ||     3
       Invisible         |       |       |     1 |       ||     1
Armor: Robe              |    23 |    30 |    65 |     9 ||   127
       Steam dragon scal |       |       |    85 |    50 ||   135
Dodge: Dodged            |    80 |    72 |   414 |   129 ||   695

Table legend:
 A = Non-vault XP
 B = Vault XP
 C = Vault XP percentage of total XP
 D = Non-vault monster count
 E = Vault monster count
 F = Vault count percentage of total count
                 A         B        C        D         E       F
            +---------+---------+-------+---------+---------+-------
      Total |    5067 |    1725 |  25.4 |     207 |      18 |   8.0
            +---------+---------+-------+---------+---------+-------
        D:1 |      25 |       6 |  19.4 |      16 |       4 |  20.0
        D:2 |      76 |      27 |  26.2 |      27 |       4 |  12.9
        D:3 |      73 |     196 |  72.9 |      19 |       3 |  13.6
        D:4 |     437 |      45 |   9.3 |      30 |       1 |   3.2
        D:5 |     304 |       0 |   0.0 |      18 |       0 |   0.0
        D:6 |     858 |     881 |  50.7 |      24 |       3 |  11.1
        D:7 |    1402 |     136 |   8.8 |      30 |       2 |   6.2
        D:8 |    1722 |     434 |  20.1 |      39 |       1 |   2.5
        D:9 |     170 |       0 |   0.0 |       4 |       0 |   0.0
            +---------+---------+-------+---------+---------+-------
